 Dungeon Crawl Stone Soup version 0.23-a0-494-g91793a9 (webtiles) character file.

38 ramoff the Skirmisher (level 3, -2/26 HPs)
             Began as a Human Fighter on Dec 4, 2018.
             Slain by a gnoll
             ... wielding a +0 flail
              (11 damage)
             ... on level 2 of the Dungeon.
             The game lasted 00:08:14 (882 turns).

ramoff the Skirmisher (Human Fighter)                Turns: 882, Time: 00:08:14

Health: -2/26      AC:  7    Str: 18    XL:     3   Next: 65%
Magic:  3/3        EV:  7    Int:  8    God:
Gold:   21         SH:  9    Dex: 13    Spells: 2/2 levels left

rFire    . . .     SeeInvis .   a - +1 long sword
rCold    . . .     Gourm    .   c - +0 shield
rNeg     . . .     Faith    .   b - +0 scale mail
rPois    .         Spirit   .   (no helmet)
rElec    .         Reflect  .   (no cloak)
rCorr    .         Harm     .   (no gloves)
MR       .....                  (no boots)
Stlth    ..........             (no amulet)
HPRegen  0.08/turn              (no ring)
MPRegen  0.08/turn              (no ring)

@: no status effects
A: frail 1, shaggy fur 1, strong 1
a: no special abilities


You were on level 2 of the Dungeon.
You were not hungry.

You visited 1 branch of the dungeon, and saw 2 of its levels.

You collected 21 gold pieces.

Inventory:

Hand Weapons
 a - a +1 long sword (weapon)
Armour
 b - a +0 scale mail (worn)
 c - a +0 shield (worn)
 h - a +0 shield
Jewellery
 m - a +4 ring of intelligence {unknown}
Scrolls
 j - a scroll of immolation
Potions
 d - a potion of might
Comestibles
 f - a ration


   Skills:
 * Level 3.5 Fighting
 * Level 2.7 Long Blades
 + Level 3.2 Armour
 + Level 3.2 Shields


You had 2 spell levels left.
You didn't know any spells.
Your spell library was empty.

Dungeon Overview and Level Annotations

Branches:
Dungeon (2/15)

Altars:
Cheibriados
Vehumet
Zin


Innate Abilities, Weirdness & Mutations

You are frail. (-10% HP)
You are covered in fur. (AC +1)
Your muscles are strong. (Str +2)


Message History

You open the door. 4 gnolls come into view.
The gnoll shouts! x2; You hear a shout!
A kobold comes into view. It is wielding a +0 dagger.
Found three altars.
You hit the gnoll but do no damage. You block the gnoll's attack.
You slash the gnoll!
The gnoll is almost dead.
The gnoll hits you with a +0 flail!
As you read the scroll of fog, it crumbles to dust.
The scroll dissolves into smoke.
The gnoll hits you with a +0 flail.
You closely miss the gnoll.
The gnoll is almost dead.
The gnoll hits you but does no damage.
You closely miss the gnoll.
The gnoll is almost dead.
The gnoll hits you with a +0 flail. You block the gnoll's attack.
The gnoll hits you with a +0 flail!
You die...

### ..# #.# #.#
..#######.#
......§§..#
..#####.g.##
..####§§g@§#####
......§§g§§......
.#######K########
#§# #§# #g#


ggK ..... ....... You could see 3 gnolls and a kobold.

Vanquished Creatures
  An ooze (D:1)
  2 dart slugs (D:1)
  A ball python (D:1)
  2 giant cockroaches (D:1)
  4 goblins (D:1)
  3 hobgoblins (D:1)
  9 kobolds (D:1)
  2 bats (D:1)
  5 rats (D:1)
29 creatures vanquished.

Notes
Turn   | Place    | Note
-------+----------+-------------------------------------------
     0 | D:1      | ramoff the Human Fighter began the quest for the Orb.
     0 | D:1      | Reached XP level 1. HP: 18/18 MP: 1/1
    72 | D:1      | Reached XP level 2. HP: 16/24 MP: 2/2
   344 | D:1      | Reached XP level 3. HP: 25/29 MP: 3/3
   771 | D:1      | Gained mutation: You are frail. (-10% HP) [potion of
                  | mutation]
   771 | D:1      | Gained mutation: Your muscles are strong. (Str +2) [potion
                  | of mutation]
   771 | D:1      | Gained mutation: You are covered in fur. (AC +1) [potion of
                  | mutation]
   868 | D:2      | Found a snail-covered altar of Cheibriados.
   868 | D:2      | Found a radiant altar of Vehumet.
   868 | D:2      | Found a glowing silver altar of Zin.
   882 | D:2      | Slain by a gnoll

Vault maps used:
D:1:      minmay_arrival_diagonal_passages, minmay_box_of_dots
D:2:      grunt_temple_overflow_open

Action                   || total
-------------------------++-------
Melee: Long sword        ||    99
  Use: Scroll            ||     5
       Potion            ||     4
Armor: Scale mail        ||    33
Dodge: Dodged            ||    30
Block: Shield            ||    58
       Rpst.: Long sword ||    10

Table legend:
 A = Non-vault XP
 B = Vault XP
 C = Vault XP percentage of total XP
 D = Non-vault monster count
 E = Vault monster count
 F = Vault count percentage of total count
                 A         B        C        D         E       F
            +---------+---------+-------+---------+---------+-------
      Total |      46 |       9 |  16.4 |      25 |       4 |  13.8
            +---------+---------+-------+---------+---------+-------
        D:1 |      46 |       9 |  16.4 |      25 |       4 |  13.8
            +---------+---------+-------+---------+---------+-------
